 Dungeon Crawl Stone Soup version 0.30.0-29-ga12c61a403 (webtiles) character file.

Game seed: 11590245311859919837

873 AIAndy the Chucker (level 8, -3/63 HPs)
             Began as a Gnoll Wanderer on June 8, 2023.
             Was a Follower of Qazlal.
             Slain by an ogre
             ... wielding a +0 giant club
              (27 damage)
             ... on level 5 of the Dungeon.
             The game lasted 00:31:46 (4504 turns).

AIAndy the Chucker (Gnoll Wanderer)                 Turns: 4504, Time: 00:31:47

Health: -3/63      AC: 12    Str: 14    XL:     8   Next: 4%
Magic:  12/12      EV:  4    Int:  9    God:    Qazlal [*.....]
Gold:   208        SH:  2    Dex: 14    Spells: 13/13 levels left

rFire   . . .        l - +2 longbow (elec)
rCold   . . .        (shield currently unavailable)
rNeg    + . .        g - +0 plate armour
rPois   .            (no helmet)
rElec   .            (no cloak)
rCorr   +            w - +0 pair of gloves
SInv    .            (no boots)
Will    .....        s - amulet of regeneration Stlth
                     p - ring of positive energy
HPRegen 1.10/turn    t - ring of resist corrosion
MPRegen 0.13/turn

%: no passive effects
@: about to teleport
A: fangs 1, strong nose, distributed training
a: Renounce Religion


You were on level 5 of the Dungeon.
You worshipped Qazlal.
Qazlal was aware of your devotion.
You visited 1 branch of the dungeon, and saw 5 of its levels.
You also visited: Sewer.

You collected 208 gold pieces.

Inventory:

Hand Weapons
 j - a +1 whip of venom
 l - a +2 longbow of electrocution (weapon)
 x - a +1 dagger of electrocution
 z - a +1 dagger of holy wrath
 C - a +0 dagger of speed
Missiles
 b - 3 curare-tipped darts
 i - 29 stones
 m - a throwing net
 o - 10 poisoned darts
Armour
 f - a +0 leather armour
 g - a +0 plate armour (worn)
 w - a +0 pair of gloves (worn)
Jewellery
 p - a ring of positive energy (left hand)
 s - an amulet of regeneration (around neck)
 t - a ring of resist corrosion (right hand)
Wands
 y - a wand of quicksilver (5)
Scrolls
 a - a scroll of identify {unknown}
 c - a scroll of enchant weapon {unknown}
 d - 3 scrolls of teleportation
 e - 2 scrolls of blinking
 k - a scroll of amnesia
 v - a scroll of immolation
 B - a scroll of fear
 D - a scroll of noise {unknown}
Potions
 h - 2 potions of curing
 n - a potion of attraction
 q - a potion of flight {unknown}
 r - a potion of heal wounds {unknown}
 u - a potion of brilliance {unknown}
 A - a potion of degeneration {unknown}
 E - a potion of invisibility {unknown}
 F - 2 potions of berserk rage {unknown}


   Skills:
 + Level 5.5 Fighting
 + Level 3.0 Short Blades
 + Level 3.0 Long Blades
 + Level 3.0 Axes
 + Level 3.0 Maces & Flails
 + Level 3.0 Polearms
 + Level 3.0 Staves
 + Level 7.2 Ranged Weapons
 + Level 7.2 Throwing
 + Level 3.0 Armour
 + Level 3.0 Dodging
 + Level 3.0 Stealth
 + Level 3.0 Shields
 + Level 3.0 Unarmed Combat
 + Level 3.0 Spellcasting
 + Level 2.4 Conjurations
 + Level 2.4 Hexes
 + Level 2.4 Summonings
 + Level 2.4 Necromancy
 + Level 2.4 Translocations
 + Level 2.4 Transmutations
 + Level 2.4 Fire Magic
 + Level 2.4 Ice Magic
 + Level 2.4 Air Magic
 + Level 2.4 Earth Magic
 + Level 2.4 Poison Magic
 + Level 4.2 Invocations
 + Level 4.0 Evocations


You had 13 spell levels left.
You didn't know any spells.
Your spell library contained the following spells:

 Spells                   Type           Power      Damage    Failure   Level
 Necrotise                Necr           20%        1d5       100%        1
 Sting                    Tmut/Pois      20%        1d4       100%        1
 Poisonous Vapours        Pois/Air       10%        N/A       100%        2
 Inner Flame              Hex/Fire       5%         N/A       100%        3
 Vampiric Draining        Necr           5%         2d6       100%        3
 Flame Wave               Conj/Fire      5%         2d5       100%        4
 Olgreb's Toxic Radiance  Pois           5%         N/A       100%        4
 Sticky Flame             Conj/Fire      5%         2d3       100%        4
 Agony                    Necr           5%         N/A       100%        5


Dungeon Overview and Level Annotations

Branches:
Dungeon (5/15)             Temple (0/1) D:4           Sewer (visited)

Altars:
Dithmenos
Qazlal

Annotations:
D:5 Prince Ribbit


Innate Abilities, Weirdness & Mutations

You have very sharp teeth.
Your uncanny sense of smell can sniff out nearby items.
Your experience applies equally to all skills.


Message History

Qazlal accepts your kill.
No target in view!
Found a stone staircase leading up.
An orc comes into view.
It is wielding a +0 trident of protection.
The orc shouts!
You shoot an arrow. The arrow hits the orc!
You kill the orc!
Qazlal accepts your kill.
You see here a +0 trident of protection.
Found a spear.
An ogre comes into view. It is wielding a +0 giant club.
The ogre shouts!
You shoot an arrow. The arrow hits the ogre!
The ogre is moderately wounded.
You shoot an arrow. The arrow hits the ogre.
The ogre is heavily wounded.
You shoot an arrow. The arrow completely misses the ogre.
You shoot an arrow. The arrow hits the ogre.
The ogre is heavily wounded.
Prince Ribbit comes into view.
The ogre barely misses you.
You shoot an arrow. The arrow barely misses the ogre.
Prince Ribbit croaks.
Prince Ribbit blinks!
Prince Ribbit hits you but does no damage.
The ogre completely misses you. Prince Ribbit hits you!
The ogre attacks as you move away! The ogre hits you with a +0 giant club!
Prince Ribbit hits you!
You are too injured to fight recklessly!
As you read the scroll of teleportation, it crumbles to dust.
You feel strangely unstable.
Prince Ribbit blinks!
You are too injured to fight recklessly!
Fire: l) +2 longbow (elec)
Press: ? - help, Q - select action, (/) - cycle Shift-Dir - straight line, f/p - ogre
Aim: an ogre, wielding a +0 giant club (heavily wounded, 77% to hit)
You shoot an arrow. The arrow barely misses the ogre.
The ogre barely misses you. The ogre attacks as you move away!
The ogre hits you with a +0 giant club!!
You die...

#.# #.# ####. #.#
..... #.# ..#.#. #.#
...... #.# #..#.#.
########## #.# .......
.).......###.##...#.#.
########.....@OF......
#.....####.#.#.
#######.##### ...
#.......# # #.#######
#.# #.# ##.##
.###...########


You could see Prince Ribbit and an ogre.

Vanquished Creatures
  A black bear (D:4)
  2 kobold brigands (Sewer)
  A scorpion (D:4)
  2 quasits (D:4)
  A hound (D:5)
  A gnoll bouda (D:5)
  Jessica (D:3)
  Natasha (thrice) (D:4)
  2 iguanas
  An orc wizard (D:5)
  8 gnolls
  2 river rats (Sewer)
  6 adders
  2 shadow imps (D:4)
  5 worms
  2 dart slugs
  7 orcs
  12 endoplasms
  4 giant cockroaches
  8 goblins
  2 hobgoblins
  4 jackals (D:1)
  8 kobolds
  2 quokkas
  6 ball pythons
  3 bats
  A frilled lizard (D:3)
  6 rats
103 creatures vanquished.

Vanquished Creatures (others)
  2 ufetubi (D:4)
2 creatures vanquished.

Grand Total: 105 creatures vanquished

Notes
Turn   | Place    | Note
-------+----------+-------------------------------------------
     0 | D:1      | AIAndy the Gnoll Wanderer began the quest for the Orb.
     0 | D:1      | AIAndy set off with the following items: a +2 dagger, 3
                  | curare-tipped darts, a +0 sling, a scroll of teleportation,
                  | a scroll of blinking, a +0 leather armour.
     0 | D:1      | Reached XP level 1. HP: 20/20 MP: 2/2
    52 | D:1      | Reached XP level 2. HP: 22/26 MP: 3/3
   592 | D:1      | Reached XP level 3. HP: 31/31 MP: 4/4
  1098 | D:2      | Found a faded altar of an unknown god.
  1649 | D:2      | Reached skill level 1 in Short Blades
  1649 | D:2      | Reached skill level 1 in Long Blades
  1649 | D:2      | Reached skill level 1 in Axes
  1649 | D:2      | Reached skill level 1 in Maces & Flails
  1649 | D:2      | Reached skill level 1 in Polearms
  1649 | D:2      | Reached skill level 1 in Staves
  1649 | D:2      | Reached skill level 1 in Armour
  1649 | D:2      | Reached skill level 1 in Dodging
  1649 | D:2      | Reached skill level 1 in Stealth
  1649 | D:2      | Reached skill level 1 in Shields
  1649 | D:2      | Reached skill level 1 in Unarmed Combat
  1649 | D:2      | Reached skill level 1 in Spellcasting
  1989 | D:3      | Reached XP level 4. HP: 38/38 MP: 6/6
  2253 | D:3      | Reached skill level 1 in Conjurations
  2253 | D:3      | Reached skill level 1 in Hexes
  2253 | D:3      | Reached skill level 1 in Summonings
  2253 | D:3      | Reached skill level 1 in Necromancy
  2253 | D:3      | Reached skill level 1 in Translocations
  2253 | D:3      | Reached skill level 1 in Transmutations
  2253 | D:3      | Reached skill level 1 in Fire Magic
  2253 | D:3      | Reached skill level 1 in Ice Magic
  2253 | D:3      | Reached skill level 1 in Air Magic
  2253 | D:3      | Reached skill level 1 in Earth Magic
  2253 | D:3      | Reached skill level 1 in Poison Magic
  2298 | D:3      | Reached XP level 5. HP: 38/43 MP: 7/7
  2310 | D:3      | Noticed Jessica
  2318 | D:3      | Killed Jessica
  2522 | D:3      | Found a stormy altar of Qazlal.
  2527 | D:3      | Became a worshipper of Qazlal Stormbringer
  2847 | D:4      | Noticed Natasha
  2854 | D:4      | Killed Natasha
  2855 | D:4      | Reached XP level 6. HP: 47/50 MP: 8/8
  2894 | D:4      | Found a staircase to the Ecumenical Temple.
  2905 | D:4      | Noticed Natasha
  2920 | D:4      | Killed Natasha
  2921 | D:4      | Reached skill level 5 in Fighting
  3119 | D:4      | Found a shadowy altar of Dithmenos.
  3140 | D:4      | Noticed Natasha
  3149 | D:4      | Killed Natasha
  3255 | D:4      | Noticed a black bear
  3271 | D:4      | Killed a black bear
  3272 | D:4      | Reached XP level 7. HP: 49/56 MP: 10/10
  3386 | D:4      | Found a glowing drain.
  3391 | Sewer    | Entered a sewer
  3657 | Sewer    | Reached * piety under Qazlal
  3913 | Sewer    | Identified a scroll of acquirement
  3913 | Sewer    | Acquired a +2 longbow of electrocution
  4296 | D:5      | Entered Level 5 of the Dungeon
  4427 | D:5      | Reached XP level 8. HP: 63/63 MP: 12/12
  4499 | D:5      | Noticed Prince Ribbit
  4504 | D:5      | Slain by an ogre

Illustrated notes

Levels and vault maps discovered:
D:1:      beargit_arrival_diablo_church, layout_loops_corners, minivault_27,
          minivault_19
D:2:      layout_loops_ring, ebering_ecumenical_altar_petrified,
          grunt_ministairs_14
D:3:      layout_basic, mainiacjoe_overflow_24_doors, uniq_jessica
D:4:      layout_loops_corners, mainiacjoe_overflow_alcove_4,
          minmay_temple_entry_slanted, serial_demonic, serial_demonic_f,
          serial_demonic_g, serial_demonic_f, serial_demonic_e,
          portal_sewer_entry_e, uniq_natasha
D:5:      layout_loops_ring, grunt_temple_overflow_diamond,
          mainiacjoe_overflow_cross_hatched, serial_shops,
          nicolae_shop_just_a_little_nook, serial_glass, glass_columns_a,
          glass_columns_c, kennysheep_generic_room_12, uniq_prince_ribbit1

Skill      XL: |  1  2  3  4  5  6  7 |
---------------+----------------------+-----
Short Blades   | 1 2 3 |  3.0
Long Blades    | 1 2 3 |  3.0
Axes           | 1 2 3 |  3.0
Maces & Flails | 1 2 3 |  3.0
Polearms       | 1 2 3 |  3.0
Staves         | 1 2 3 |  3.0
Armour         | 1 2 3 |  3.0
Dodging        | 1 2 3 |  3.0
Stealth        | 1 2 3 |  3.0
Shields        | 1 2 3 |  3.0
Unarmed Combat | 1 2 3 |  3.0
Spellcasting   | 1 2 3 |  3.0
Conjurations   | 1 2 |  2.4
Hexes          | 1 2 |  2.4
Summonings     | 1 2 |  2.4
Necromancy     | 1 2 |  2.4
Translocations | 1 2 |  2.4
Transmutations | 1 2 |  2.4
Fire Magic     | 1 2 |  2.4
Ice Magic      | 1 2 |  2.4
Air Magic      | 1 2 |  2.4
Earth Magic    | 1 2 |  2.4
Poison Magic   | 1 2 |  2.4
Invocations    | 3 4 |  4.2
Evocations     | 3 4 |  4.0
Fighting       | 5 |  5.5
Ranged Weapons | 7 |  7.2
Throwing       | 7 |  7.2

Action                     |  1- 3 |  4- 6 |  7- 9 || total
---------------------------+-------+-------+-------++-------
  Melee: Dagger            |    48 |    34 |    67 ||   149
         Punch             |     3 |       |     2 ||     5
         Bite              |     6 |     5 |    10 ||    21
         Whip              |    49 |    66 |    43 ||   158
   Fire: Sling             |    45 |    25 |    36 ||   106
         Longbow           |       |       |    43 ||    43
    Use: Scroll            |       |       |     7 ||     7
         Potion            |       |       |     2 ||     2
   Stab: Sleeping          |     1 |       |       ||     1
 Armour: Leather armour    |    18 |       |       ||    18
         Plate armour      |    31 |    78 |    97 ||   206
  Dodge: Dodged            |    35 |    16 |    32 ||    83
  Block: Other             |       |       |     3 ||     3
